Vancouver Canucks vs Minnesota North Stars
Created - Sunday, September 3, 2023 at 06:46
Goals
|
| Vancouver Canucks |
1 |
1 |
1 |
0 |
3 |
| Minnesota North Stars |
1 |
1 |
1 |
1 |
4 |
|
Shots
|
| Vancouver Canucks |
14 |
8 |
12 |
0 |
34 |
| Minnesota North Stars |
11 |
12 |
7 |
2 |
32 |
|
1st period
1. Vancouver Canucks , Aleksander Barkov 2 (Jake Bean 4, Mikko Rantanen 6) at 8:24
2. Minnesota North Stars , Derick Brassard 2 (Eeli Tolvanen 3, Evgeni Malkin 12) at 13:28
Penalties :
Noah Hanifin (VAN) for Holding (Minor) at 4:53, Neal Pionk (MNS) for Slashing (Minor) at 11:13
2nd period
3. Vancouver Canucks , Robby Fabbri 3 (Miro Heiskanen 4, Artturi Lehkonen 3) at 3:32 (PP)
4. Minnesota North Stars , Eeli Tolvanen 1 (Evan Rodrigues 1, Rasmus Dahlin 5) at 6:31
Penalties :
Rasmus Dahlin (MNS) for Hooking (Minor) at 3:27, Brandon Montour (MNS) for Holding (Minor) at 3:59, Artturi Lehkonen (VAN) for Tripping (Minor) at 10:20, Clayton Keller (VAN) for Roughing (Minor) at 17:18, Evan Rodrigues (MNS) for Roughing (Minor) at 19:53
3rd period
5. Minnesota North Stars , Ryan Nugent-Hopkins 5 (Rasmus Dahlin 6) at 1:56
6. Vancouver Canucks , Kasperi Kapanen 1 (Robby Fabbri 6, Artturi Lehkonen 4) at 16:53
Penalties :
Artturi Lehkonen (VAN) for Tripping (Minor) at 5:28, Noah Hanifin (VAN) for Roughing (Minor) at 12:54, Brandon Montour (MNS) for Holding (Minor) at 18:38, Mikko Rantanen (VAN) for Hooking (Minor) at 18:48
Overtime #1
7. Minnesota North Stars , Ryan Nugent-Hopkins 6 (Gustav Forsling 3, Jack Hughes 4) at 0:12
Penalties :
No Penalty
Goalie Stats
Joonas Korpisalo (VAN), 28 saves from 32 shots - (0.875), OTL, 4-2-1, 60:12 minutes
Antti Raanta (MNS), 31 saves from 34 shots - (0.912), W, 6-2-1, 60:12 minutes
Players Stats for Vancouver Canucks
Player Name G A P +/- PIM S H SB GA TA FO MP PP MP PK MP
------------------------------------------------------------------------------------
Adam Boqvist 0 0 0 -2 0 4 1 1 0 0 0/0 21:14 4:07 0:00
Aleksander Barkov 1 0 1 0 0 4 2 0 1 1 22/30 25:06 3:25 5:22
Anton Lundell 0 0 0 -3 0 1 1 0 0 0 0/1 8:40 0:04 2:50
Artturi Lehkonen 0 2 2 0 4 2 1 0 1 0 0/0 17:07 2:43 0:00
Casey Mittelstadt 0 0 0 0 0 2 0 0 0 0 1/2 13:02 2:43 1:06
Clayton Keller 0 0 0 1 2 2 4 1 0 0 0/0 18:13 3:25 0:00
Jacob Bryson 0 0 0 1 0 0 0 2 0 1 0/0 12:01 0:00 1:55
Jake Bean 0 1 1 0 0 2 3 1 0 0 0/0 20:51 2:05 4:20
Jesperi Kotkaniemi 0 0 0 0 0 2 2 1 0 0 4/11 8:49 0:00 0:00
Kasperi Kapanen 1 0 1 1 0 4 1 1 2 1 1/1 13:24 0:04 0:00
Mikko Rantanen 0 1 1 1 2 3 1 0 0 2 1/1 18:21 3:28 0:00
Miro Heiskanen 0 1 1 -3 0 3 0 1 0 0 0/0 26:48 4:07 3:09
Noah Cates 0 0 0 -3 0 1 1 2 0 0 2/3 11:09 0:00 5:41
Noah Hanifin 0 0 0 -1 4 1 0 0 0 1 0/0 22:29 2:05 3:40
Olli Maatta 0 0 0 1 0 1 0 2 1 0 0/0 17:26 0:00 6:46
Robby Fabbri 1 1 2 1 0 2 1 1 1 0 10/19 17:52 2:43 2:01
Sam Lafferty 0 0 0 -3 0 0 1 0 1 0 0/0 8:15 0:00 2:50
Taylor Raddysh 0 0 0 0 0 0 0 0 0 0 0/0 8:49 0:00 0:00
Players Stats for Minnesota North Stars
Player Name G A P +/- PIM S H SB GA TA FO MP PP MP PK MP
------------------------------------------------------------------------------------
Adam Lowry 0 0 0 1 0 1 2 0 0 0 1/1 13:59 0:00 3:07
Alexander Barabanov 0 0 0 0 0 6 1 0 0 0 0/1 15:23 4:38 0:00
Brandon Montour 0 0 0 0 4 2 0 1 0 0 0/0 19:49 4:53 0:00
Derick Brassard 1 0 1 1 0 2 2 0 1 0 2/3 7:13 0:00 0:00
Eeli Tolvanen 1 1 2 1 0 2 4 0 1 0 0/1 7:13 0:00 0:00
Evan Rodrigues 0 1 1 2 2 2 0 0 0 0 0/0 7:16 0:00 0:00
Evgeni Malkin 0 1 1 0 0 1 2 1 1 0 8/23 21:08 4:53 3:05
Frank Vatrano 0 0 0 0 0 3 3 0 0 0 1/1 12:17 0:00 0:00
Gustav Forsling 0 1 1 1 0 1 0 2 0 1 0/0 24:36 5:02 3:07
Jack Hughes 0 1 1 0 0 1 1 0 1 0 0/1 17:52 5:02 0:00
Jamie Oleksiak 0 0 0 2 0 0 2 1 0 1 0/0 18:18 0:00 3:25
Jeff Skinner 0 0 0 -1 0 1 3 0 0 0 0/1 17:41 5:02 0:00
Jonathan Toews 0 0 0 0 0 1 0 1 1 0 6/8 13:56 0:15 3:05
Justin Holl 0 0 0 1 0 1 0 1 0 0 0/0 12:53 0:00 1:03
Neal Pionk 0 0 0 0 2 3 1 0 0 1 0/0 20:56 5:02 1:49
Rasmus Dahlin 0 2 2 0 2 1 1 0 0 1 0/0 24:08 4:53 3:00
Ryan Nugent-Hopkins 2 0 2 1 0 3 2 0 1 2 8/26 21:19 5:02 3:07
Viktor Arvidsson 0 0 0 0 0 1 0 1 0 1 1/2 17:23 4:53 0:00
3 Stars
1 - Ryan Nugent-Hopkins (MNS)
2 - Eeli Tolvanen (MNS)
3 - Robby Fabbri (VAN)
Power Play
Vancouver Canucks - 1 on 5 Attempt(s) - 20.00%
Minnesota North Stars - 0 on 6 Attempt(s) - 0.00%
Penalty Kill
Vancouver Canucks - 6 on 6 Attempt(s) - 100.00%
- Score 0 goal in Penalty Kill
Minnesota North Stars - 4 on 5 Attempt(s) - 80.00%
- Score 0 goal in Penalty Kill
Team Stat
Vancouver Canucks - Hits : 19 - Faceoff Wins : 41 - Blocked Shots : 13 - Penalty Minutes : 12
Minnesota North Stars - Hits : 24 - Faceoff Wins : 27 - Blocked Shots : 8 - Penalty Minutes : 10
Official
Referees : Frederick L'Ecuyer and Kelly Sutherland
Linesman : Steve Barton and Mike Cvik
Game Notes
No Game Note
Finance
Level 1 -- Attendance: 4404 (73.40%) -- Ticket Income $440,400
Level 2 -- Attendance: 3528 (70.56%) -- Ticket Income $211,680
Level 3 -- Attendance: 2408 (80.27%) -- Ticket Income $84,280
Level 4 -- Attendance: 3850 (77.00%) -- Ticket Income $96,250
Luxury Box -- Attendance: 738 (73.80%) -- Ticket Income $147,600
Game was played at the Met Center.
Total Attendance: 14928 (74.64%)
Total Ticket Income: $980,210
Other Income: $343,074
Total Income: $1,323,284
Vancouver Canucks
5 vs 5 Forward
Center Left Wing Right Wing Time % Phy DF OF
1 Aleksander Barkov Clayton Keller Mikko Rantanen 40 1 2 2
2 Robby Fabbri Artturi Lehkonen Kasperi Kapanen 30 1 2 2
3 Jesperi Kotkaniemi Casey Mittelstadt Taylor Raddysh 20 1 2 2
4 Noah Cates Anton Lundell Sam Lafferty 10 1 2 2
5 vs 5 Defense
Defense Defense Time % Phy DF OF
1 Adam Boqvist Miro Heiskanen 40 1 2 2
2 Noah Hanifin Jake Bean 30 1 2 2
3 Olli Maatta Jacob Bryson 20 1 2 2
4 Noah Hanifin Miro Heiskanen 10 1 2 2
PowerPlay Forward
Center Left Wing Right Wing Time % Phy DF OF
1 Aleksander Barkov Clayton Keller Mikko Rantanen 60 0 1 4
2 Casey Mittelstadt Robby Fabbri Artturi Lehkonen 40 0 1 4
PowerPlay Defense
Defense Defense Time % Phy DF OF
1 Miro Heiskanen Adam Boqvist 60 0 1 4
2 Noah Hanifin Jake Bean 40 0 1 4
Penalty Kill 4 Players Forward
Center Wing Time % Phy DF OF
1 Aleksander Barkov Noah Cates 60 1 3 1
2 Sam Lafferty Anton Lundell 40 1 3 1
Penalty Kill 4 Players Defense
Defense Defense Time % Phy DF OF
1 Noah Hanifin Olli Maatta 60 1 3 1
2 Miro Heiskanen Jake Bean 40 1 3 1
Penalty Kill - 3 Players Forward
Forward Time % Phy DF OF
1 Noah Cates 60 1 3 1
2 Aleksander Barkov 40 1 3 1
Penalty Kill - 3 Players Defense
Defense Defense Time % Phy DF OF
1 Noah Hanifin Olli Maatta 60 1 3 1
2 Miro Heiskanen Jake Bean 40 1 3 1
4 vs 4 Forward
Center Wing Time % Phy DF OF
1 Aleksander Barkov Mikko Rantanen 60 1 2 2
2 Robby Fabbri Artturi Lehkonen 40 1 2 2
4 vs 4 Defense
Defense Defense Time % Phy DF OF
1 Miro Heiskanen Noah Hanifin 60 1 2 2
2 Olli Maatta Adam Boqvist 40 1 2 2
Last Minutes Offensive
Center Left Wing Right Wing Defense Defense
Aleksander Barkov Clayton Keller Mikko Rantanen Miro Heiskanen Adam Boqvist
Last Minutes Defensive
Center Left Wing Right Wing Defense Defense
Aleksander Barkov Noah Cates Sam Lafferty Noah Hanifin Olli Maatta
Goaltenders
Starting : Joonas Korpisalo
Backup : Ville Husso
Extra Forwards
Normal : Mikko Rantanen, Aleksander Barkov, Artturi Lehkonen - PP : Clayton Keller, Kasperi Kapanen - PK : Robby Fabbri
Extra Defensemen
Normal : Miro Heiskanen, Noah Hanifin, Olli Maatta - PP : Adam Boqvist - PK : Jake Bean, Jacob Bryson
Penalty Shots
Aleksander Barkov, Anton Lundell, Jesperi Kotkaniemi, Jake Bean, Mikko Rantanen
Minnesota North Stars
5 vs 5 Forward
Center Left Wing Right Wing Time % Phy DF OF
1 Ryan Nugent-Hopkins Jeff Skinner Jack Hughes 32 1 2 2
2 Evgeni Malkin Viktor Arvidsson Frank Vatrano 32 1 2 2
3 Jonathan Toews Alexander Barabanov Adam Lowry 26 1 2 2
4 Derick Brassard Eeli Tolvanen Evan Rodrigues 10 1 2 2
5 vs 5 Defense
Defense Defense Time % Phy DF OF
1 Rasmus Dahlin Gustav Forsling 35 1 2 2
2 Jamie Oleksiak Brandon Montour 35 1 2 2
3 Neal Pionk Justin Holl 30 1 2 2
4 Rasmus Dahlin Gustav Forsling 0 1 2 2
PowerPlay Forward
Center Left Wing Right Wing Time % Phy DF OF
1 Ryan Nugent-Hopkins Jeff Skinner Jack Hughes 50 1 2 2
2 Evgeni Malkin Alexander Barabanov Viktor Arvidsson 50 1 2 2
PowerPlay Defense
Defense Defense Time % Phy DF OF
1 Rasmus Dahlin Brandon Montour 50 1 2 2
2 Neal Pionk Gustav Forsling 50 1 2 2
Penalty Kill 4 Players Forward
Center Wing Time % Phy DF OF
1 Ryan Nugent-Hopkins Adam Lowry 50 1 2 2
2 Evgeni Malkin Jonathan Toews 50 1 2 2
Penalty Kill 4 Players Defense
Defense Defense Time % Phy DF OF
1 Rasmus Dahlin Neal Pionk 50 1 2 2
2 Jamie Oleksiak Gustav Forsling 50 1 2 2
Penalty Kill - 3 Players Forward
Forward Time % Phy DF OF
1 Ryan Nugent-Hopkins 50 1 2 2
2 Evgeni Malkin 50 1 2 2
Penalty Kill - 3 Players Defense
Defense Defense Time % Phy DF OF
1 Rasmus Dahlin Neal Pionk 50 1 2 2
2 Jamie Oleksiak Gustav Forsling 50 1 2 2
4 vs 4 Forward
Center Wing Time % Phy DF OF
1 Ryan Nugent-Hopkins Jack Hughes 50 1 2 2
2 Evgeni Malkin Jeff Skinner 50 1 2 2
4 vs 4 Defense
Defense Defense Time % Phy DF OF
1 Rasmus Dahlin Brandon Montour 50 1 2 2
2 Jamie Oleksiak Gustav Forsling 50 1 2 2
Last Minutes Offensive
Center Left Wing Right Wing Defense Defense
Ryan Nugent-Hopkins Evgeni Malkin Jack Hughes Rasmus Dahlin Brandon Montour
Last Minutes Defensive
Center Left Wing Right Wing Defense Defense
Ryan Nugent-Hopkins Adam Lowry Jonathan Toews Neal Pionk Jamie Oleksiak
Goaltenders
Starting : Antti Raanta
Backup : Stuart Skinner
Extra Forwards
Normal : Adam Lowry, Jonathan Toews, Evan Rodrigues - PP : Jeff Skinner, Jonathan Toews - PK : Adam Lowry
Extra Defensemen
Normal : Neal Pionk, Justin Holl, Rasmus Dahlin - PP : Neal Pionk - PK : Justin Holl, Rasmus Dahlin
Penalty Shots
Ryan Nugent-Hopkins, Evgeni Malkin, Rasmus Dahlin, Evan Rodrigues, Jack Hughes
% Time on Ice - Vancouver Canucks
Lines # - Real PCT - Wanted PCT - Time Play
Normal Forward
1 - 36% - 40% - 15:21
2 - 32% - 30% - 13:31
3 - 21% - 20% - 8:49
4 - 12% - 10% - 5:01
Normal Defense
1 - 40% - 40% - 17:12
2 - 34% - 30% - 14:26
3 - 23% - 20% - 10:01
4 - 2% - 10% - 1:03
PP Forward
1 - 56% - 60% - 3:29
2 - 44% - 40% - 2:43
PP Defense
1 - 66% - 60% - 4:07
2 - 34% - 40% - 2:05
PK Forward
1 - 71% - 60% - 7:05
2 - 29% - 40% - 2:50
PK Defense
1 - 68% - 60% - 6:46
2 - 32% - 40% - 3:09
PK3 Forward
1 - 0% - 60%
2 - 0% - 40%
PK3 Defense
1 - 0% - 60%
2 - 0% - 40%
44 Forward
1 - 100% - 60% - 1:23
2 - 0% - 40% - 0:00
44 Defense
1 - 80% - 60% - 1:06
2 - 20% - 40% - 0:17
Last Minute Offensive - 0:00
Last Minute Defensive - 0:00
Total
Forward - 60:12
Defense - 60:12
|
% Time on Ice - Minnesota North Stars
Lines # - Real PCT - Wanted PCT - Time Play
Normal Forward
1 - 29% - 32% - 12:23
2 - 29% - 32% - 12:34
3 - 25% - 26% - 10:32
4 - 17% - 10% - 7:13
Normal Defense
1 - 36% - 35% - 15:23
2 - 36% - 35% - 15:29
3 - 28% - 30% - 11:50
4 - 0% - 0% - 0:00
PP Forward
1 - 51% - 50% - 5:02
2 - 49% - 50% - 4:53
PP Defense
1 - 49% - 50% - 4:53
2 - 51% - 50% - 5:02
PK Forward
1 - 50% - 50% - 3:07
2 - 50% - 50% - 3:05
PK Defense
1 - 50% - 50% - 3:05
2 - 50% - 50% - 3:07
PK3 Forward
1 - 0% - 50%
2 - 0% - 50%
PK3 Defense
1 - 0% - 50%
2 - 0% - 50%
44 Forward
1 - 57% - 50% - 0:47
2 - 43% - 50% - 0:36
44 Defense
1 - 60% - 50% - 0:50
2 - 40% - 50% - 0:33
Last Minute Offensive - 0:00
Last Minute Defensive - 0:00
Total
Forward - 60:12
Defense - 60:12
|
Play-by-Play
1st period
0:01 of 1st period - Aleksander Barkov wins face-off versus Ryan Nugent-Hopkins in neutral zone.
0:53 of 1st period - Adam Boqvist is hit by Eeli Tolvanen and loses puck.
1:15 of 1st period - Snap shot by Anton Lundell.
1:15 of 1st period - Stopped by Antti Raanta without a rebound.
1:16 of 1st period - Jonathan Toews wins face-off versus Aleksander Barkov in Minnesota North Stars zone.
2:21 of 1st period - Clayton Keller is hit by Adam Lowry and loses puck.
2:26 of 1st period - Snap shot by Alexander Barabanov.
2:26 of 1st period - Stopped by Joonas Korpisalo with a rebound.
2:55 of 1st period - Wrist shot by Brandon Montour.
2:55 of 1st period - Shot Blocked by Clayton Keller.
2:57 of 1st period - Snap shot by Jamie Oleksiak.
2:57 of 1st period - Shot Misses the Net.
3:23 of 1st period - Wrist shot by Jonathan Toews.
3:23 of 1st period - Stopped by Joonas Korpisalo with a rebound.
3:27 of 1st period - Slapshot by Jonathan Toews.
3:27 of 1st period - Deflect By Alexander Barabanov.
3:27 of 1st period - Stopped by Joonas Korpisalo without a rebound.
3:28 of 1st period - Robby Fabbri wins face-off versus Jack Hughes in Vancouver Canucks zone.
3:37 of 1st period - Rasmus Dahlin is hit by Jake Bean and loses puck.
4:24 of 1st period - Snap shot by Eeli Tolvanen.
4:24 of 1st period - Deflect By Evan Rodrigues.
4:24 of 1st period - Shot Blocked by Miro Heiskanen.
4:24 of 1st period - Puck is out of play.
4:25 of 1st period - Ryan Nugent-Hopkins wins face-off versus Robby Fabbri in Vancouver Canucks zone.
4:32 of 1st period - Snap shot by Ryan Nugent-Hopkins.
4:32 of 1st period - Stopped by Joonas Korpisalo without a rebound.
4:33 of 1st period - Robby Fabbri wins face-off versus Ryan Nugent-Hopkins in Vancouver Canucks zone.
4:42 of 1st period - Snap shot by Robby Fabbri.
4:42 of 1st period - Shot Misses the Net.
4:53 of 1st period - Minor Penalty to Noah Hanifin for Holding.
4:54 of 1st period - Aleksander Barkov wins face-off versus Ryan Nugent-Hopkins in Vancouver Canucks zone.
6:53 of 1st period - Penalty to Noah Hanifin is over, Noah Hanifin is back on ice.
6:55 of 1st period - Icing by Neal Pionk.
6:56 of 1st period - Jesperi Kotkaniemi wins face-off versus Ryan Nugent-Hopkins in Minnesota North Stars zone.
7:05 of 1st period - Wrist shot by Casey Mittelstadt.
7:05 of 1st period - Stopped by Antti Raanta with a rebound.
7:29 of 1st period - Snap shot by Eeli Tolvanen.
7:29 of 1st period - Stopped by Joonas Korpisalo without a rebound.
7:30 of 1st period - Evgeni Malkin wins face-off versus Jesperi Kotkaniemi in Vancouver Canucks zone.
7:41 of 1st period - Wrist shot by Jesperi Kotkaniemi.
7:41 of 1st period - Stopped by Antti Raanta with a rebound.
7:43 of 1st period - Slapshot by Jake Bean.
7:43 of 1st period - Stopped by Antti Raanta without a rebound.
7:44 of 1st period - Robby Fabbri wins face-off versus Evgeni Malkin in Minnesota North Stars zone.
8:16 of 1st period - Icing by Eeli Tolvanen.
8:17 of 1st period - Aleksander Barkov wins face-off versus Derick Brassard in Minnesota North Stars zone.
8:20 of 1st period - Wrist shot by Mikko Rantanen.
8:20 of 1st period - Stopped by Antti Raanta with a rebound.
8:22 of 1st period - Slapshot by Jake Bean.
8:22 of 1st period - Stopped by Antti Raanta with a rebound.
8:24 of 1st period - Wrist shot by Aleksander Barkov.
8:24 of 1st period - Goal by Aleksander Barkov - Vancouver Canucks : 1 - Minnesota North Stars : 0.
8:25 of 1st period - Kasperi Kapanen wins face-off versus Evgeni Malkin in neutral zone.
8:28 of 1st period - Wrist shot by Kasperi Kapanen.
8:28 of 1st period - Shot Misses the Net.
9:20 of 1st period - Brandon Montour is hit by Jesperi Kotkaniemi and loses puck.
10:23 of 1st period - Snap shot by Evan Rodrigues.
10:23 of 1st period - Stopped by Joonas Korpisalo without a rebound.
10:24 of 1st period - Evgeni Malkin wins face-off versus Aleksander Barkov in Vancouver Canucks zone.
10:25 of 1st period - Slapshot by Viktor Arvidsson.
10:25 of 1st period - Shot Misses the Net.
10:40 of 1st period - Aleksander Barkov is hit by Frank Vatrano and loses puck.
11:08 of 1st period - Snap shot by Clayton Keller.
11:08 of 1st period - Shot Misses the Net.
11:10 of 1st period - Wrist shot by Olli Maatta.
11:10 of 1st period - Deflect By Aleksander Barkov.
11:10 of 1st period - Shot Blocked by Gustav Forsling.
11:10 of 1st period - Puck is out of play.
11:11 of 1st period - Ryan Nugent-Hopkins wins face-off versus Robby Fabbri in Minnesota North Stars zone.
11:13 of 1st period - Minor Penalty to Neal Pionk for Slashing.
11:14 of 1st period - Ryan Nugent-Hopkins wins face-off versus Casey Mittelstadt in Minnesota North Stars zone.
11:14 of 1st period - Ryan Nugent-Hopkins is hit by Robby Fabbri.
11:23 of 1st period - Evgeni Malkin is hit by Artturi Lehkonen and loses puck.
11:42 of 1st period - Wrist shot by Ryan Nugent-Hopkins.
11:42 of 1st period - Shot Misses the Net.
11:44 of 1st period - Wrist shot by Ryan Nugent-Hopkins.
11:44 of 1st period - Shot Misses the Net.
11:46 of 1st period - Slapshot by Adam Lowry.
11:46 of 1st period - Shot Misses the Net.
13:13 of 1st period - Penalty to Neal Pionk is over, Neal Pionk is back on ice.
13:28 of 1st period - Snap shot by Derick Brassard.
13:28 of 1st period - Goal by Derick Brassard - Vancouver Canucks : 1 - Minnesota North Stars : 1.
13:29 of 1st period - Robby Fabbri wins face-off versus Jeff Skinner in neutral zone.
13:54 of 1st period - Clayton Keller is hit by Evgeni Malkin and loses puck.
14:09 of 1st period - Jake Bean is hit by Frank Vatrano and loses puck.
14:22 of 1st period - Wrist shot by Mikko Rantanen.
14:22 of 1st period - Shot Misses the Net.
14:24 of 1st period - Wrist shot by Mikko Rantanen.
14:24 of 1st period - Stopped by Antti Raanta with a rebound.
14:34 of 1st period - Wrist shot by Mikko Rantanen.
14:34 of 1st period - Deflect By Evgeni Malkin.
14:34 of 1st period - Stopped by Antti Raanta without a rebound.
14:35 of 1st period - Ryan Nugent-Hopkins wins face-off versus Robby Fabbri in Minnesota North Stars zone.
15:02 of 1st period - Jonathan Toews is hit by Jesperi Kotkaniemi and loses puck.
15:20 of 1st period - Off-side.
15:21 of 1st period - Noah Cates wins face-off versus Eeli Tolvanen in neutral zone.
15:23 of 1st period - Off-side.
15:24 of 1st period - Derick Brassard wins face-off versus Anton Lundell in neutral zone.
15:27 of 1st period - Slapshot by Rasmus Dahlin.
15:27 of 1st period - Stopped by Joonas Korpisalo without a rebound.
15:28 of 1st period - Ryan Nugent-Hopkins wins face-off versus Robby Fabbri in Vancouver Canucks zone.
15:40 of 1st period - Slapshot by Artturi Lehkonen.
15:40 of 1st period - Shot Misses the Net.
15:42 of 1st period - Slapshot by Olli Maatta.
15:42 of 1st period - Deflect By Rasmus Dahlin.
15:42 of 1st period - Stopped by Antti Raanta without a rebound.
15:43 of 1st period - Aleksander Barkov wins face-off versus Evgeni Malkin in Minnesota North Stars zone.
16:36 of 1st period - Slapshot by Kasperi Kapanen.
16:36 of 1st period - Stopped by Antti Raanta with a rebound.
16:38 of 1st period - Slapshot by Adam Boqvist.
16:38 of 1st period - Stopped by Antti Raanta without a rebound.
16:39 of 1st period - Aleksander Barkov wins face-off versus Evgeni Malkin in Minnesota North Stars zone.
16:53 of 1st period - Noah Hanifin is hit by Evgeni Malkin and loses puck.
17:15 of 1st period - Wrist shot by Robby Fabbri.
17:15 of 1st period - Deflect By Artturi Lehkonen.
17:15 of 1st period - Shot Misses the Net.
17:15 of 1st period - Puck is out of play.
17:16 of 1st period - Jonathan Toews wins face-off versus Jesperi Kotkaniemi in Minnesota North Stars zone.
17:43 of 1st period - Jack Hughes is hit by Clayton Keller and loses puck.
18:24 of 1st period - Eeli Tolvanen is hit by Jake Bean and loses puck.
18:31 of 1st period - Snap shot by Neal Pionk.
18:31 of 1st period - Stopped by Joonas Korpisalo with a rebound.
18:33 of 1st period - Snap shot by Evan Rodrigues.
18:33 of 1st period - Stopped by Joonas Korpisalo without a rebound.
18:34 of 1st period - Aleksander Barkov wins face-off versus Ryan Nugent-Hopkins in Vancouver Canucks zone.
19:11 of 1st period - Wrist shot by Artturi Lehkonen.
19:11 of 1st period - Shot Blocked by Evgeni Malkin.
19:13 of 1st period - Slapshot by Noah Hanifin.
19:13 of 1st period - Stopped by Antti Raanta without a rebound.
19:14 of 1st period - Jesperi Kotkaniemi wins face-off versus Jonathan Toews in Minnesota North Stars zone.
19:17 of 1st period - Slapshot by Casey Mittelstadt.
19:17 of 1st period - Stopped by Antti Raanta without a rebound.
19:18 of 1st period - Jesperi Kotkaniemi wins face-off versus Alexander Barabanov in Minnesota North Stars zone.
19:52 of 1st period - Wrist shot by Jeff Skinner.
19:52 of 1st period - Stopped by Joonas Korpisalo without a rebound.
19:53 of 1st period - Aleksander Barkov wins face-off versus Ryan Nugent-Hopkins in Vancouver Canucks zone.
19:53 of 1st period - Aleksander Barkov is hit by Jeff Skinner.
Goals for this period are 1 for Vancouver Canucks vs 1 for Minnesota North Stars.
Shots for this period are 14 for Vancouver Canucks vs 11 for Minnesota North Stars.
2nd period
0:01 of 2nd period - Aleksander Barkov wins face-off versus Ryan Nugent-Hopkins in neutral zone.
0:26 of 2nd period - Clayton Keller is hit by Alexander Barabanov and loses puck.
0:31 of 2nd period - Wrist shot by Alexander Barabanov.
0:31 of 2nd period - Stopped by Joonas Korpisalo with a rebound.
0:33 of 2nd period - Wrist shot by Adam Lowry.
0:33 of 2nd period - Stopped by Joonas Korpisalo with a rebound.
0:55 of 2nd period - Snap shot by Derick Brassard.
0:55 of 2nd period - Stopped by Joonas Korpisalo with a rebound.
0:57 of 2nd period - Slapshot by Justin Holl.
0:57 of 2nd period - Stopped by Joonas Korpisalo with a rebound.
0:59 of 2nd period - Slapshot by Neal Pionk.
0:59 of 2nd period - Stopped by Joonas Korpisalo without a rebound.
1:00 of 2nd period - Robby Fabbri wins face-off versus Evgeni Malkin in Vancouver Canucks zone.
1:39 of 2nd period - Wrist shot by Casey Mittelstadt.
1:39 of 2nd period - Shot Misses the Net.
1:59 of 2nd period - Snap shot by Jonathan Toews.
1:59 of 2nd period - Shot Misses the Net.
2:39 of 2nd period - Snap shot by Jack Hughes.
2:39 of 2nd period - Deflect By Jeff Skinner.
2:39 of 2nd period - Shot Misses the Net.
2:39 of 2nd period - Puck is out of play.
2:40 of 2nd period - Aleksander Barkov wins face-off versus Ryan Nugent-Hopkins in Vancouver Canucks zone.
2:40 of 2nd period - Aleksander Barkov is hit by Jack Hughes.
3:27 of 2nd period - Minor Penalty to Rasmus Dahlin for Hooking.
3:28 of 2nd period - Casey Mittelstadt wins face-off versus Evgeni Malkin in Minnesota North Stars zone.
3:28 of 2nd period - Backhand shot by Artturi Lehkonen.
3:28 of 2nd period - Stopped by Antti Raanta with a rebound.
3:30 of 2nd period - Wrist shot by Miro Heiskanen.
3:30 of 2nd period - Shot Blocked by Justin Holl.
3:32 of 2nd period - Snap shot by Robby Fabbri.
3:32 of 2nd period - Goal by Robby Fabbri - Vancouver Canucks : 2 - Minnesota North Stars : 1.
3:33 of 2nd period - Evgeni Malkin wins face-off versus Robby Fabbri in neutral zone.
3:36 of 2nd period - Wrist shot by Viktor Arvidsson.
3:36 of 2nd period - Deflect By Miro Heiskanen.
3:36 of 2nd period - Stopped by Joonas Korpisalo without a rebound.
3:37 of 2nd period - Robby Fabbri wins face-off versus Evgeni Malkin in Vancouver Canucks zone.
3:41 of 2nd period - Icing by Artturi Lehkonen.
3:42 of 2nd period - Robby Fabbri wins face-off versus Viktor Arvidsson in Vancouver Canucks zone.
3:42 of 2nd period - Robby Fabbri is hit by Jamie Oleksiak.
3:59 of 2nd period - Minor Penalty to Brandon Montour for Holding.
4:00 of 2nd period - Aleksander Barkov wins face-off versus Ryan Nugent-Hopkins in Minnesota North Stars zone.
5:59 of 2nd period - Penalty to Brandon Montour is over, Brandon Montour is back on ice.
6:07 of 2nd period - Mikko Rantanen is hit by Ryan Nugent-Hopkins and loses puck.
6:20 of 2nd period - Sam Lafferty is hit by Eeli Tolvanen and loses puck.
6:31 of 2nd period - Slapshot by Eeli Tolvanen.
6:31 of 2nd period - Goal by Eeli Tolvanen - Vancouver Canucks : 2 - Minnesota North Stars : 2.
6:32 of 2nd period - Robby Fabbri wins face-off versus Evgeni Malkin in neutral zone.
6:45 of 2nd period - Slapshot by Brandon Montour.
6:45 of 2nd period - Shot Misses the Net.
7:04 of 2nd period - Casey Mittelstadt is hit by Frank Vatrano and loses puck.
7:37 of 2nd period - Jonathan Toews is hit by Sam Lafferty and loses puck.
8:20 of 2nd period - Evan Rodrigues is hit by Mikko Rantanen and loses puck.
8:27 of 2nd period - Jake Bean is hit by Derick Brassard and loses puck.
8:45 of 2nd period - Snap shot by Evgeni Malkin.
8:45 of 2nd period - Shot Blocked by Olli Maatta.
8:47 of 2nd period - Wrist shot by Frank Vatrano.
8:47 of 2nd period - Shot Blocked by Jacob Bryson.
8:49 of 2nd period - Slapshot by Jamie Oleksiak.
8:49 of 2nd period - Shot Misses the Net.
8:51 of 2nd period - Snap shot by Brandon Montour.
8:51 of 2nd period - Stopped by Joonas Korpisalo with a rebound.
9:01 of 2nd period - Brandon Montour is hit by Anton Lundell and loses puck.
9:24 of 2nd period - Jamie Oleksiak is hit by Kasperi Kapanen and loses puck.
9:43 of 2nd period - Slapshot by Brandon Montour.
9:43 of 2nd period - Shot Misses the Net.
10:11 of 2nd period - Wrist shot by Evgeni Malkin.
10:11 of 2nd period - Shot Misses the Net.
10:13 of 2nd period - Wrist shot by Frank Vatrano.
10:13 of 2nd period - Stopped by Joonas Korpisalo without a rebound.
10:14 of 2nd period - Jonathan Toews wins face-off versus Robby Fabbri in Vancouver Canucks zone.
10:20 of 2nd period - Minor Penalty to Artturi Lehkonen for Tripping.
10:21 of 2nd period - Aleksander Barkov wins face-off versus Evgeni Malkin in Vancouver Canucks zone.
11:26 of 2nd period - Icing by Rasmus Dahlin.
11:27 of 2nd period - Evgeni Malkin wins face-off versus Robby Fabbri in Minnesota North Stars zone.
12:20 of 2nd period - Penalty to Artturi Lehkonen is over, Artturi Lehkonen is back on ice.
13:09 of 2nd period - Icing by Jake Bean.
13:10 of 2nd period - Jonathan Toews wins face-off versus Aleksander Barkov in Vancouver Canucks zone.
13:42 of 2nd period - Snap shot by Brandon Montour.
13:42 of 2nd period - Stopped by Joonas Korpisalo without a rebound.
13:43 of 2nd period - Viktor Arvidsson wins face-off versus Jesperi Kotkaniemi in Vancouver Canucks zone.
13:44 of 2nd period - Backhand shot by Evgeni Malkin.
13:44 of 2nd period - Stopped by Joonas Korpisalo with a rebound.
14:10 of 2nd period - Jake Bean is hit by Neal Pionk and loses puck.
14:23 of 2nd period - Snap shot by Alexander Barabanov.
14:23 of 2nd period - Stopped by Joonas Korpisalo with a rebound.
15:20 of 2nd period - Wrist shot by Rasmus Dahlin.
15:20 of 2nd period - Shot Blocked by Noah Cates.
15:36 of 2nd period - Rasmus Dahlin is hit by Aleksander Barkov and loses puck.
15:42 of 2nd period - Gustav Forsling is hit by Clayton Keller and loses puck.
16:12 of 2nd period - Icing by Adam Boqvist.
16:13 of 2nd period - Robby Fabbri wins face-off versus Evgeni Malkin in Vancouver Canucks zone.
16:24 of 2nd period - Snap shot by Kasperi Kapanen.
16:24 of 2nd period - Shot Misses the Net.
16:26 of 2nd period - Snap shot by Adam Boqvist.
16:26 of 2nd period - Deflect By Frank Vatrano.
16:26 of 2nd period - Stopped by Antti Raanta with a rebound.
16:28 of 2nd period - Wrist shot by Robby Fabbri.
16:28 of 2nd period - Shot Misses the Net.
16:30 of 2nd period - Slapshot by Adam Boqvist.
16:30 of 2nd period - Stopped by Antti Raanta with a rebound.
16:32 of 2nd period - Slapshot by Adam Boqvist.
16:32 of 2nd period - Shot Blocked by Viktor Arvidsson.
16:34 of 2nd period - Slapshot by Miro Heiskanen.
16:34 of 2nd period - Deflect By Frank Vatrano.
16:34 of 2nd period - Stopped by Antti Raanta with a rebound.
16:50 of 2nd period - Wrist shot by Kasperi Kapanen.
16:50 of 2nd period - Stopped by Antti Raanta with a rebound.
16:52 of 2nd period - Slapshot by Miro Heiskanen.
16:52 of 2nd period - Stopped by Antti Raanta without a rebound.
16:53 of 2nd period - Jonathan Toews wins face-off versus Aleksander Barkov in Minnesota North Stars zone.
16:53 of 2nd period - Jonathan Toews is hit by Clayton Keller.
17:02 of 2nd period - Olli Maatta is hit by Jamie Oleksiak and loses puck.
17:11 of 2nd period - Mikko Rantanen is hit by Adam Lowry and loses puck.
17:18 of 2nd period - Minor Penalty to Clayton Keller for Roughing.
17:19 of 2nd period - Evgeni Malkin wins face-off versus Aleksander Barkov in Vancouver Canucks zone.
18:36 of 2nd period - Slapshot by Miro Heiskanen.
18:36 of 2nd period - Shot Misses the Net.
18:53 of 2nd period - Icing by Brandon Montour.
18:54 of 2nd period - Aleksander Barkov wins face-off versus Evgeni Malkin in Minnesota North Stars zone.
19:18 of 2nd period - Penalty to Clayton Keller is over, Clayton Keller is back on ice.
19:34 of 2nd period - Snap shot by Artturi Lehkonen.
19:34 of 2nd period - Stopped by Antti Raanta without a rebound.
19:35 of 2nd period - Derick Brassard wins face-off versus Robby Fabbri in Minnesota North Stars zone.
19:40 of 2nd period - Snap shot by Evan Rodrigues.
19:40 of 2nd period - Shot Blocked by Adam Boqvist.
19:53 of 2nd period - Minor Penalty to Evan Rodrigues for Roughing.
19:54 of 2nd period - Evgeni Malkin wins face-off versus Aleksander Barkov in Minnesota North Stars zone.
19:54 of 2nd period - Evgeni Malkin is hit by Aleksander Barkov.
Goals for this period are 1 for Vancouver Canucks vs 1 for Minnesota North Stars.
Shots for this period are 8 for Vancouver Canucks vs 12 for Minnesota North Stars.
3rd period
0:01 of 3rd period - Aleksander Barkov wins face-off versus Ryan Nugent-Hopkins in neutral zone.
0:06 of 3rd period - Snap shot by Aleksander Barkov.
0:06 of 3rd period - Stopped by Antti Raanta without a rebound.
0:07 of 3rd period - Aleksander Barkov wins face-off versus Ryan Nugent-Hopkins in Minnesota North Stars zone.
1:53 of 3rd period - Penalty to Evan Rodrigues is over, Evan Rodrigues is back on ice.
1:56 of 3rd period - Snap shot by Ryan Nugent-Hopkins.
1:56 of 3rd period - Goal by Ryan Nugent-Hopkins - Vancouver Canucks : 2 - Minnesota North Stars : 3.
1:57 of 3rd period - Ryan Nugent-Hopkins wins face-off versus Noah Cates in neutral zone.
2:07 of 3rd period - Slapshot by Noah Cates.
2:07 of 3rd period - Stopped by Antti Raanta with a rebound.
2:31 of 3rd period - Slapshot by Frank Vatrano.
2:31 of 3rd period - Stopped by Joonas Korpisalo with a rebound.
2:57 of 3rd period - Snap shot by Evan Rodrigues.
2:57 of 3rd period - Shot Blocked by Kasperi Kapanen.
3:07 of 3rd period - Wrist shot by Jesperi Kotkaniemi.
3:07 of 3rd period - Stopped by Antti Raanta without a rebound.
3:08 of 3rd period - Jesperi Kotkaniemi wins face-off versus Jonathan Toews in Minnesota North Stars zone.
3:21 of 3rd period - Slapshot by Neal Pionk.
3:21 of 3rd period - Stopped by Joonas Korpisalo with a rebound.
3:23 of 3rd period - Snap shot by Adam Lowry.
3:23 of 3rd period - Shot Misses the Net.
4:20 of 3rd period - Snap shot by Eeli Tolvanen.
4:20 of 3rd period - Deflect By Noah Cates.
4:20 of 3rd period - Shot Blocked by Noah Cates.
4:20 of 3rd period - Puck is out of play.
4:21 of 3rd period - Aleksander Barkov wins face-off versus Evgeni Malkin in Vancouver Canucks zone.
4:30 of 3rd period - Wrist shot by Clayton Keller.
4:30 of 3rd period - Stopped by Antti Raanta without a rebound.
4:31 of 3rd period - Evgeni Malkin wins face-off versus Aleksander Barkov in Minnesota North Stars zone.
4:48 of 3rd period - Wrist shot by Aleksander Barkov.
4:48 of 3rd period - Shot Blocked by Brandon Montour.
4:50 of 3rd period - Snap shot by Clayton Keller.
4:50 of 3rd period - Stopped by Antti Raanta with a rebound.
4:52 of 3rd period - Slapshot by Miro Heiskanen.
4:52 of 3rd period - Shot Hit the Post.
4:54 of 3rd period - Snap shot by Aleksander Barkov.
4:54 of 3rd period - Stopped by Antti Raanta with a rebound.
4:56 of 3rd period - Slapshot by Mikko Rantanen.
4:56 of 3rd period - Shot Blocked by Jamie Oleksiak.
4:58 of 3rd period - Snap shot by Clayton Keller.
4:58 of 3rd period - Shot Misses the Net.
5:00 of 3rd period - Slapshot by Miro Heiskanen.
5:00 of 3rd period - Deflect By Evgeni Malkin.
5:00 of 3rd period - Stopped by Antti Raanta with a rebound.
5:02 of 3rd period - Slapshot by Adam Boqvist.
5:02 of 3rd period - Stopped by Antti Raanta with a rebound.
5:04 of 3rd period - Slapshot by Adam Boqvist.
5:04 of 3rd period - Deflect By Aleksander Barkov.
5:04 of 3rd period - Stopped by Antti Raanta without a rebound.
5:05 of 3rd period - Robby Fabbri wins face-off versus Ryan Nugent-Hopkins in Minnesota North Stars zone.
5:10 of 3rd period - Slapshot by Artturi Lehkonen.
5:10 of 3rd period - Shot Blocked by Gustav Forsling.
5:28 of 3rd period - Minor Penalty to Artturi Lehkonen for Tripping.
5:29 of 3rd period - Aleksander Barkov wins face-off versus Evgeni Malkin in Vancouver Canucks zone.
5:56 of 3rd period - Noah Cates is hit by Ryan Nugent-Hopkins and loses puck.
6:01 of 3rd period - Wrist shot by Jack Hughes.
6:01 of 3rd period - Shot Blocked by Olli Maatta.
6:03 of 3rd period - Slapshot by Rasmus Dahlin.
6:03 of 3rd period - Deflect By Jeff Skinner.
6:03 of 3rd period - Shot Misses the Net.
6:03 of 3rd period - Puck is out of play.
6:04 of 3rd period - Aleksander Barkov wins face-off versus Ryan Nugent-Hopkins in Vancouver Canucks zone.
6:37 of 3rd period - Wrist shot by Alexander Barabanov.
6:37 of 3rd period - Shot Blocked by Jake Bean.
7:28 of 3rd period - Penalty to Artturi Lehkonen is over, Artturi Lehkonen is back on ice.
7:39 of 3rd period - Casey Mittelstadt is hit by Eeli Tolvanen and loses puck.
8:21 of 3rd period - Kasperi Kapanen is hit by Rasmus Dahlin.
8:27 of 3rd period - Wrist shot by Robby Fabbri.
8:27 of 3rd period - Shot Misses the Net.
8:29 of 3rd period - Snap shot by Artturi Lehkonen.
8:29 of 3rd period - Shot Blocked by Jonathan Toews.
8:31 of 3rd period - Slapshot by Noah Hanifin.
8:31 of 3rd period - Shot Misses the Net.
8:33 of 3rd period - Slapshot by Adam Boqvist.
8:33 of 3rd period - Shot Misses the Net.
8:35 of 3rd period - Slapshot by Noah Hanifin.
8:35 of 3rd period - Deflect By Kasperi Kapanen.
8:35 of 3rd period - Stopped by Antti Raanta with a rebound.
9:03 of 3rd period - Slapshot by Rasmus Dahlin.
9:03 of 3rd period - Shot Misses the Net.
9:24 of 3rd period - Slapshot by Alexander Barabanov.
9:24 of 3rd period - Shot Misses the Net.
9:26 of 3rd period - Snap shot by Alexander Barabanov.
9:26 of 3rd period - Stopped by Joonas Korpisalo without a rebound.
9:27 of 3rd period - Aleksander Barkov wins face-off versus Evgeni Malkin in Vancouver Canucks zone.
9:32 of 3rd period - Brandon Montour is hit by Adam Boqvist.
9:54 of 3rd period - Adam Boqvist is hit by Derick Brassard and loses puck.
10:03 of 3rd period - Evan Rodrigues is hit by Jake Bean and loses puck.
10:29 of 3rd period - Wrist shot by Jeff Skinner.
10:29 of 3rd period - Deflect By Jack Hughes.
10:29 of 3rd period - Shot Misses the Net.
10:29 of 3rd period - Puck is out of play.
10:30 of 3rd period - Frank Vatrano wins face-off versus Jesperi Kotkaniemi in Vancouver Canucks zone.
10:43 of 3rd period - Snap shot by Viktor Arvidsson.
10:43 of 3rd period - Shot Blocked by Jesperi Kotkaniemi.
11:00 of 3rd period - Anton Lundell is hit by Jeff Skinner and loses puck.
11:29 of 3rd period - Slapshot by Derick Brassard.
11:29 of 3rd period - Shot Misses the Net.
12:19 of 3rd period - Wrist shot by Jonathan Toews.
12:19 of 3rd period - Shot Misses the Net.
12:43 of 3rd period - Slapshot by Viktor Arvidsson.
12:43 of 3rd period - Shot Misses the Net.
12:45 of 3rd period - Snap shot by Brandon Montour.
12:45 of 3rd period - Shot Blocked by Jacob Bryson.
12:47 of 3rd period - Snap shot by Evgeni Malkin.
12:47 of 3rd period - Deflect By Sam Lafferty.
12:47 of 3rd period - Shot Misses the Net.
12:47 of 3rd period - Puck is out of play.
12:48 of 3rd period - Ryan Nugent-Hopkins wins face-off versus Jesperi Kotkaniemi in Vancouver Canucks zone.
12:54 of 3rd period - Minor Penalty to Noah Hanifin for Roughing.
12:55 of 3rd period - Aleksander Barkov wins face-off versus Ryan Nugent-Hopkins in Vancouver Canucks zone.
12:55 of 3rd period - Aleksander Barkov is hit by Jeff Skinner.
13:10 of 3rd period - Wrist shot by Jack Hughes.
13:10 of 3rd period - Shot Misses the Net.
13:12 of 3rd period - Backhand shot by Gustav Forsling.
13:12 of 3rd period - Stopped by Joonas Korpisalo with a rebound.
14:29 of 3rd period - Icing by Alexander Barabanov.
14:30 of 3rd period - Evgeni Malkin wins face-off versus Robby Fabbri in Minnesota North Stars zone.
14:54 of 3rd period - Penalty to Noah Hanifin is over, Noah Hanifin is back on ice.
14:57 of 3rd period - Noah Hanifin is hit by Eeli Tolvanen and loses puck.
15:17 of 3rd period - Icing by Noah Cates.
15:18 of 3rd period - Noah Cates wins face-off versus Evgeni Malkin in Vancouver Canucks zone.
15:51 of 3rd period - Wrist shot by Brandon Montour.
15:51 of 3rd period - Shot Blocked by Robby Fabbri.
15:53 of 3rd period - Snap shot by Frank Vatrano.
15:53 of 3rd period - Stopped by Joonas Korpisalo without a rebound.
15:54 of 3rd period - Jonathan Toews wins face-off versus Jesperi Kotkaniemi in Vancouver Canucks zone.
16:20 of 3rd period - Rasmus Dahlin is hit by Clayton Keller and loses puck.
16:49 of 3rd period - Slapshot by Robby Fabbri.
16:49 of 3rd period - Stopped by Antti Raanta with a rebound.
16:51 of 3rd period - Snap shot by Robby Fabbri.
16:51 of 3rd period - Shot Misses the Net.
16:53 of 3rd period - Wrist shot by Kasperi Kapanen.
16:53 of 3rd period - Goal by Kasperi Kapanen - Vancouver Canucks : 3 - Minnesota North Stars : 3.
16:54 of 3rd period - Adam Lowry wins face-off versus Jesperi Kotkaniemi in neutral zone.
17:09 of 3rd period - Wrist shot by Alexander Barabanov.
17:09 of 3rd period - Stopped by Joonas Korpisalo with a rebound.
17:19 of 3rd period - Jeff Skinner is hit by Noah Cates and loses puck.
18:38 of 3rd period - Minor Penalty to Brandon Montour for Holding.
18:39 of 3rd period - Mikko Rantanen wins face-off versus Ryan Nugent-Hopkins in Minnesota North Stars zone.
18:48 of 3rd period - Minor Penalty to Mikko Rantanen for Hooking.
18:49 of 3rd period - Aleksander Barkov wins face-off versus Ryan Nugent-Hopkins in Vancouver Canucks zone.
19:33 of 3rd period - Icing by Noah Hanifin.
19:34 of 3rd period - Aleksander Barkov wins face-off versus Ryan Nugent-Hopkins in Vancouver Canucks zone.
19:49 of 3rd period - Wrist shot by Jeff Skinner.
19:49 of 3rd period - Shot Misses the Net.
19:51 of 3rd period - Slapshot by Neal Pionk.
19:51 of 3rd period - Shot Misses the Net.
19:55 of 3rd period - Snap shot by Evgeni Malkin.
19:55 of 3rd period - Shot Misses the Net.
19:57 of 3rd period - Slapshot by Neal Pionk.
19:57 of 3rd period - Deflect By Evgeni Malkin.
19:57 of 3rd period - Shot Misses the Net.
19:57 of 3rd period - Puck is out of play.
19:58 of 3rd period - Aleksander Barkov wins face-off versus Ryan Nugent-Hopkins in Vancouver Canucks zone.
Goals for this period are 1 for Vancouver Canucks vs 1 for Minnesota North Stars.
Shots for this period are 12 for Vancouver Canucks vs 7 for Minnesota North Stars.
Overtime #1
0:01 of 1st overtime period - Ryan Nugent-Hopkins wins face-off versus Aleksander Barkov in neutral zone.
0:08 of 1st overtime period - Wrist shot by Jack Hughes.
0:08 of 1st overtime period - Stopped by Joonas Korpisalo with a rebound.
0:12 of 1st overtime period - Wrist shot by Ryan Nugent-Hopkins.
0:12 of 1st overtime period - Goal by Ryan Nugent-Hopkins - Vancouver Canucks : 3 - Minnesota North Stars : 4.
Goals for this period are 0 for Vancouver Canucks vs 1 for Minnesota North Stars.
Shots for this period are 0 for Vancouver Canucks vs 2 for Minnesota North Stars.
Back to the Top